 Dungeon Crawl Stone Soup version 0.29.1-15-g9cfb28693d (webtiles) character file.

Game seed: 4058890055209251518

56863 javelincjr the Fighter (level 14, -4/113 HPs)
             Began as a Demonspawn Hedge Wizard on Mar 31, 2023.
             Was an Elder of Qazlal.
             Slain by Rupert
             ... wielding a +2 great mace of holy wrath
              (7 damage)
             ... on level 3 of the Lair of Beasts.
             The game lasted 01:41:17 (26011 turns).

javelincjr the Fighter (Demonspawn Hedge Wizard)   Turns: 26011, Time: 01:41:18

Health: -4/113     AC: 17    Str: 12    XL:     14   Next: 43%
Magic:  0/37       EV: 12    Int: 19    God:    Qazlal [****..]
Gold:   1265       SH: 10    Dex: 19    Spells: 27/34 levels left

rFire   . . .      SeeInvis .   F - +8 hand axe (spect)
rCold   . . .      Faith    .   (no shield)
rNeg    . . .      Spirit   +   l - +2 scale mail "Xuam" {Will+ MP+9}
rPois   .          Reflect  +   c - +2 hat
rElec   .          Harm     .   (no cloak)
rCorr   .          Rampage  .   (gloves unavailable)
Will    +++..      Rage     3%  x - +2 pair of boots
Stlth   +.........              z - amulet of reflection
HPRegen 0.28/turn               t - ring of willpower
MPRegen 0.50/turn               O - +6 ring of dexterity

@: repel missiles
A: icy blue scales 1, powered by pain 2, magic shield, magic regeneration, magic
link, demonic touch 3, berserk 1, MP-powered wands
a: Renounce Religion, Upheaval, Elemental Force


You were on level 3 of the Lair of Beasts.
You worshipped Qazlal.
Qazlal was greatly pleased with you.
You visited 3 branches of the dungeon, and saw 19 of its levels.
You also visited: Ossuary.

You collected 1265 gold pieces.

Inventory:

Hand Weapons
 A - the +8 whip "Raplaice" {vorpal, rC+ Will+}
   (You found it on level 6 of the Dungeon)

   It inflicts extra damage upon your enemies.
   rC:        It protects you from cold.
   Will:      It increases your willpower.
 F - a +8 spectral hand axe (weapon)
 M - the +9 falchion "Xeschuomu" {chaos, +Blink rPois rC- rCorr}
   (You found it on level 7 of the Dungeon)

   Each time it hits an enemy it has a different, random effect.
   rC:        It makes you vulnerable to cold.
   rPois:     It protects you from poison.
   +Blink:    It lets you blink.
   rCorr:     It protects you from acid and corrosion.
Missiles
 b - 5 silver javelins
 h - 79 poisoned darts
 K - 4 datura-tipped darts
 Z - 3 curare-tipped darts
Armour
 c - a +2 hat (worn)
 l - the +2 scale mail "Xuam" (worn) {Will+ MP+9}
   (You found it on level 5 of the Dungeon)

   MP:        It affects your magic capacity (+9).
   Will:      It increases your willpower.
 r - a +2 leather armour of cold resistance
 w - a +2 pair of gloves
 x - a +2 pair of boots (worn)
Magical Staves
 N - a staff of poison
Jewellery
 q - an amulet of magic regeneration
 t - a ring of willpower (left hand)
 u - a ring of fire
 z - an amulet of reflection (around neck)
 B - an amulet of regeneration
 H - a ring of positive energy
 O - a +6 ring of dexterity (right hand)
 X - a ring of flight
Wands
 a - a wand of flame (22)
 o - a wand of digging (4)
 I - a wand of charming (25)
 T - a wand of roots (28)
Scrolls
 e - a scroll of silence
 i - a scroll of brand weapon
 k - 4 scrolls of blinking
 m - 4 scrolls of poison
 p - 9 scrolls of fear
 v - 6 scrolls of teleportation
 y - 2 scrolls of butterflies
 E - 4 scrolls of amnesia
 Q - 4 scrolls of magic mapping
Potions
 d - 2 potions of magic
 f - 5 potions of heal wounds
 g - 13 potions of curing
 j - 3 potions of resistance
 n - a potion of might
 s - a potion of flight
 C - 3 potions of cancellation
 L - 3 potions of lignification {unknown}
 S - a potion of haste
 U - a potion of ambrosia {unknown}
 W - 2 potions of brilliance {unknown}
Miscellaneous
 G - a phial of floods
 V - a box of beasts


   Skills:
 * Level 11.1 Fighting
 - Level 2.9(4.5) Short Blades
 - Level 5.4(5.7) Long Blades
 + Level 2.9(3.4) Axes
 + Level 2.5(3.2) Maces & Flails
 + Level 7.1 Armour
 + Level 7.3 Dodging
 - Level 2.1 Stealth
 - Level 1.1 Shields
 * Level 10.7 Spellcasting
 + Level 8.1 Conjurations
 + Level 8.0 Summonings
 + Level 7.3 Translocations
 + Level 1.8 Earth Magic
 + Level 2.2 Poison Magic
 + Level 7.7 Invocations


You had 27 spell levels left.
You knew the following spells:

 Your Spells              Type           Power      Damage    Failure   Level
a - Magic Dart            Conj           100%       1d8       1%          1
b - Summon Small Mammal   Summ           100%       N/A       1%          1
c - Blink                 Tloc           74%        N/A       2%          2
d - Stone Arrow           Conj/Erth      58%        3d10      11%         3

Your spell library contained the following spells:

 Spells                   Type           Power      Damage    Failure   Level
 Call Imp                 Summ           40%        N/A       1%          2
 Call Canine Familiar     Summ           40%        N/A       3%          3
 Gell's Gravitas          Tloc           37%        N/A       4%          3
 Teleport Other           Tloc           37%        N/A       4%          3
 Sandblast                Erth           34%        2d9       14%         1
 Conjure Flame            Conj/Fire      25%        6-21      16%         3
 Summon Guardian Golem    Hex/Summ       25%        N/A       17%         3
 Portal Projectile        Hex/Tloc       48%        N/A       21%         3
 Mephitic Cloud           Conj/Pois/Air  23%        N/A       22%         3
 Necrotise                Necr           40%        1d6       28%         1
 Slow                     Hex            40%        N/A       28%         1
 Passwall                 Tmut/Erth      10%        N/A       30%         2
 Tukima's Dance           Hex            10%        N/A       65%         3
 Vampiric Draining        Necr           10%        2d6       65%         3
 Leda's Liquefaction      Hex/Erth       6%         N/A       89%         4
 Dispersal                Tloc           18%        N/A       92%         6
 Agony                    Necr           10%        N/A       100%        5
 Blade Hands              Tmut           5%         N/A       100%        5


Dungeon Overview and Level Annotations

Branches:
Dungeon (15/15)            Temple (1/1) D:4            Lair (3/5) D:9
 Shoals (0/4) Lair:3        Snake (0/4) Lair:2          Orc (0/2) D:9
 Vaults (0/5) D:13         Depths (0/4) D:15        Ossuary (visited)

Altars:
Ashenzari
Cheibriados
Dithmenos
Fedhas
Gozag
Hepliaklqana
Kikubaaqudgha
Makhleb
Nemelex Xobeh
Okawaru
Qazlal
Ru
Sif Muna
Trog
Uskayaw
Vehumet
Wu Jian
Xom
Yredelemnul

Portals:
Trove: D:10 (give +3 storm dragon scales)

Annotations:
D:14 exclusion: obsidian statue
Lair:1 exclusion: oklob plant
Lair:3 Rupert


Innate Abilities, Weirdness & Mutations

You are partially covered in icy blue scales. (AC +2)
You sometimes gain power by taking damage.
When hurt, damage is shared between your health and your magic reserves.
You regenerate magic rapidly.
When low on magic, you restore magic in place of health.
Your touch may irresistibly damage your foes and sap their willpower.
You sometimes lose your temper in combat.
You expend magic power (3 MP) to strengthen your wands.


Message History

Your +8 spectral hand axe slices one of the seven-headed hydra's heads off!
The six-headed hydra grows two more!
Rupert hits you with a +2 great mace of holy wrath!!
You convulse!!
* * * LOW HITPOINT WARNING * * *
The eight-headed hydra is engulfed in freezing vapours.
The eight-headed hydra seems to slow down.
The eight-headed hydra bites you but does no damage.
The eight-headed hydra bites you!
* * * LOW HITPOINT WARNING * * *
You block the eight-headed hydra's attack.
The eight-headed hydra bites you.
* * * LOW HITPOINT WARNING * * *
You block the eight-headed hydra's attack.
The eight-headed hydra bites you but does no damage.
The eight-headed hydra barely misses you.
The eight-headed hydra closely misses you.
Casting: Stone Arrow (mildly dangerous; 11% risk of failure)
Confirm with . or Enter, or press ? or * to list all spells.
You blink.
You hear a deafening roar!
The eight-headed hydra is engulfed in freezing vapours.
The eight-headed hydra seems to slow down.
You feel stable enough to blink again.
Casting: Blink (safe; 2% risk of failure)
Confirm with . or Enter, or press ? or * to list all spells.
Aiming: Stone Arrow (mildly dangerous; 11% risk of failure)
Press: ? - help, Shift-Dir - straight line, f - Rupert
Aim: Rupert, wielding a +2 great mace of holy wrath and wearing a +3 leather armour of fire resistance (severely wounded, berserk, 71% to hit)
The stone arrow hits Rupert!
Rupert is almost dead.
You hit Rupert.
You touch Rupert!
You sap his willpower!
Rupert is almost dead.
Your +8 spectral hand axe hits Rupert.
Rupert hits you with a +2 great mace of holy wrath!!
* * * LOW HITPOINT WARNING * * *
You convulse.
* * * LOW HITPOINT WARNING * * *
Rupert hits you with a +2 great mace of holy wrath!
You die...

#.†....##
#..................
#.#..††.#
#...............###
#..##.†..##
###............## # #..
#...D.## ##.....###..## #
.#. #.#....## ##...## ####
##...###....## ##...# #
#..# #.#....## #...###
##### #...
####.PP.#####...#.#####.##.
...
#PP..○@@○○......##...... ..
###...(........###......
#.#.○.○.......# ##.....
######.#...#.## ##.###
####..### ### ### #..#
#.##### #..####### ##
##..##.#####..P..##.#####.
##.........................


You could see Rupert (berserk, weak-willed) and a friendly +8 spectral hand axe
(summoned).

Vanquished Creatures
  Jorgrun (D:12)
  Gastronok (D:11)
  A dire elephant (D:14)
  5 boulder beetles
  A vault guard (D:13)
  6 hydras
  2 catoblepae
  A death knight (D:15)
  5 centaur warriors
  6 two-headed ogres
  A tengu warrior (D:15)
  Nergalle (Lair:2)
  Sonja (D:12)
  A phantasmal warrior (D:15)
  2 deep elf pyromancers
  11 ugly things
  2 slime creatures
  9 elephants
  5 cyclopes
  2 manticores
  A merfolk siren (Lair:3)
  A salamander (D:15)
  A black mamba (Lair:3)
  A cane toad (shapeshifter) (D:13)
  6 cane toads
  A gargoyle (D:12)
  A komodo dragon (shapeshifter) (D:12)
  2 unseen horrors
  A freezing wraith (D:15)
  2 yaktaurs
  3 komodo dragons (Lair:1)
  A tengu conjurer (D:14)
  5 trolls
  3 meliai (D:15)
  Prince Ribbit (D:6)
  8 blink frogs
  Grinder (D:4)
  2 centaur simulacra (D:15)
  31 yaks
  3 wraiths
  A vampire (D:12)
  2 wyverns
  3 basilisks
  A yak (shapeshifter) (D:11)
  A steam dragon (D:9)
  4 vampire mosquitoes (D:13)
  3 acid dragons
  3 nagas (Lair:2)
  5 water moccasins
  A meliai simulacrum (D:15)
  A black bear (D:6)
  2 ice beasts
  6 orc warriors
  An ogre (D:6)
  12 wolves
  4 centaurs
  2 elf zombies (Ossuary)
  10 kobold brigands
  Blork the orc (D:5)
  8 bullfrogs
  2 scorpions
  A gnoll sergeant (D:6)
  3 wights (D:9)
  13 killer bees
  2 howler monkeys (D:12)
  An electric eel (Lair:3)
  A lava snake (D:11)
  A quasit (D:14)
  A centaur zombie (Ossuary)
  6 orc priests
  5 hounds
  2 human zombies (Ossuary)
  An iron imp (D:14)
  2 jellies (D:8)
  2 hell rats (Lair:3)
  4 iguanas
  20 orc wizards
  2 mummies (Ossuary)
  9 gnolls
  6 adders
  3 river rats (Lair:3)
  3 white imps
  5 ufetubi
  2 worms
  2 dart slugs
  48 orcs
  8 ball pythons
  7 endoplasms
  4 giant cockroaches
  6 goblins
  5 hobgoblins
  6 jackals
  2 quokkas
  2 bats
  3 frilled lizards
  A goblin zombie (Ossuary)
  4 hobgoblin zombies (Ossuary)
  3 jackal zombies (Ossuary)
  29 kobolds
  5 kobold zombies (Ossuary)
  5 orc zombies (Ossuary)
  7 rats
  A rat zombie (Ossuary)
455 creatures vanquished.

Vanquished Creatures (collateral kills)
  A two-headed ogre (D:8)
  2 ugly things
  A slime creature (D:15)
  An orc priest (D:4)
  An iguana (D:5)
  An orc (D:5)
  3 hobgoblin zombies (Ossuary)
  7 kobold zombies (Ossuary)
  3 orc zombies (Ossuary)
20 creatures vanquished.

Vanquished Creatures (others)
  A deep elf pyromancer (D:12)
  2 bushes (D:14)
  7 fungi
  9 plants
19 creatures vanquished.

Grand Total: 494 creatures vanquished

Notes
Turn   | Place    | Note
-------+----------+-------------------------------------------
     0 | D:1      | javelincjr the Demonspawn Hedge Wizard began the quest for
                  | the Orb.
     0 | D:1      | Reached XP level 1. HP: 13/13 MP: 4/4
   431 | D:1      | Reached skill level 1 in Translocations
   539 | D:1      | Gained mutation: Your touch may inflict minor irresistible
                  | damage on your foes. [demonic ancestry]
   539 | D:1      | Reached XP level 2. HP: 5/19 MP: 1/6
  1426 | D:1      | Learned a level 1 spell: Summon Small Mammal
  1429 | D:1      | Learned a level 2 spell: Blink
  1910 | D:2      | Gained mutation: You are partially covered in icy blue
                  | scales. (AC +2) [demonic ancestry]
  1910 | D:2      | Reached XP level 3. HP: 18/24 MP: 0/7
  2474 | D:2      | Found a faded altar of an unknown god.
  2482 | D:2      | Prayed at the altar of an unknown god.
  2482 | D:2      | Became a worshipper of Qazlal Stormbringer
  2482 | D:2      | Reached * piety under Qazlal
  2761 | D:2      | Found a bloodstained altar of Trog.
  3106 | D:3      | Found a blossoming altar of Fedhas.
  3281 | D:3      | Noticed a scorpion
  3306 | D:3      | Killed a scorpion
  3307 | D:3      | Reached skill level 1 in Fighting
  3307 | D:3      | Gained mutation: You sometimes gain a little power by
                  | taking damage. [demonic ancestry]
  3307 | D:3      | Reached XP level 4. HP: 32/32 MP: 1/9
  3529 | D:3      | Reached skill level 1 in Short Blades
  3529 | D:3      | Gained mutation: You regenerate magic rapidly. [demonic
                  | ancestry]
  3529 | D:3      | Reached XP level 5. HP: 35/37 MP: 7/10
  3865 | D:3      | Found a sacrificial altar of Ru.
  3865 | D:3      | Found an ancient bone altar of Kikubaaqudgha.
  4037 | D:4      | Found a hide-covered altar of Uskayaw.
  4152 | D:4      | Found a basalt altar of Yredelemnul.
  4181 | D:4      | Noticed Grinder
  4442 | D:4      | Paralysed by Grinder for 4 turns
  4465 | D:4      | Killed Grinder
  4466 | D:4      | Reached skill level 2 in Fighting
  4466 | D:4      | Reached skill level 1 in Armour
  4466 | D:4      | Gained mutation: When hurt, damage is shared between your
                  | health and your magic reserves. [demonic ancestry]
  4466 | D:4      | Reached XP level 6. HP: 40/44 MP: 4/11
  4727 | D:4      | Found a staircase to the Ecumenical Temple.
  4739 | Temple   | Entered the Ecumenical Temple
  5932 | D:4      | Reached XP level 7. HP: 29/51 MP: 8/13
  6568 | D:5      | Entered Level 5 of the Dungeon
  6571 | D:5      | Found a sand-covered staircase.
  6598 | Ossuary  | Entered an ossuary
  6651 | Ossuary  | Reached ** piety under Qazlal
  6786 | Ossuary  | Reached skill level 3 in Fighting
  6895 | Ossuary  | Reached *** piety under Qazlal
  7298 | D:5      | Found a broken altar of Ashenzari.
  7411 | D:5      | Gained mutation: When low on magic, you restore magic in
                  | place of health. [demonic ancestry]
  7411 | D:5      | Reached XP level 8. HP: 48/60 MP: 10/15
  7884 | D:5      | Found a large runed translucent door.
  7885 | D:5      | Found a large runed translucent door.
  8042 | D:5      | Noticed Blork the orc
  8050 | D:5      | Killed Blork the orc
  8087 | D:5      | Found a hazy altar of Hepliaklqana.
  8088 | D:5      | Found a faded altar of an unknown god.
  8151 | D:5      | Identified the +2 scale mail "Xuam" {Will+ MP+9}
  8289 | D:5      | Found a shimmering altar of Xom.
  8295 | D:5      | Found a snail-covered altar of Cheibriados.
  8412 | D:6      | Reached skill level 4 in Fighting
  8475 | D:6      | Identified the +8 whip "Raplaice" {vorpal, rC+ Will+}
  8492 | D:6      | Reached skill level 5 in Spellcasting
  8639 | D:6      | Reached **** piety under Qazlal
  8805 | D:6      | Noticed Prince Ribbit
  8819 | D:6      | Killed Prince Ribbit
  8820 | D:6      | Reached skill level 5 in Fighting
  8820 | D:6      | Reached XP level 9. HP: 53/68 MP: 17/17
  9130 | D:7      | Identified the +0 robe of Existentialism {Dex+4}
  9208 | D:7      | Reached skill level 1 in Axes
  9240 | D:7      | Identified the +9 falchion "Xeschuomu" {chaos, +Blink rPois
                  | rC- rCorr}
  9265 | D:7      | Reached skill level 1 in Shields
  9894 | D:8      | Reached skill level 1 in Long Blades
  9983 | D:8      | Noticed a two-headed ogre
  9992 | D:8      | Killed a two-headed ogre
  9993 | D:8      | Reached skill level 6 in Fighting
 10253 | D:9      | Gained mutation: You sometimes gain power by taking damage.
                  | [demonic ancestry]
 10253 | D:9      | Reached XP level 10. HP: 59/76 MP: 19/19
 10784 | D:9      | Found a burning altar of Makhleb.
 10784 | D:9      | Found an opulent altar of Gozag.
 10789 | D:9      | Found a staircase to the Orcish Mines.
 11090 | D:9      | Reached skill level 5 in Summonings
 11134 | D:9      | Reached skill level 5 in Conjurations
 11163 | D:9      | Found a staircase to the Lair.
 11814 | D:10     | Entered Level 10 of the Dungeon
 11891 | D:10     | Reached ***** piety under Qazlal
 11901 | D:10     | Reached skill level 7 in Fighting
 11912 | D:10     | Reached skill level 5 in Dodging
 12005 | D:10     | Noticed a two-headed ogre
 12019 | D:10     | Killed a two-headed ogre
 12270 | D:10     | Reached skill level 1 in Invocations
 12338 | D:10     | Found a portal to a secret trove of treasure.
 12448 | D:10     | Reached XP level 11. HP: 75/84 MP: 22/22
 12819 | D:11     | Noticed a two-headed ogre
 12827 | D:11     | Killed a two-headed ogre
 12828 | D:11     | Reached skill level 5 in Translocations
 12870 | D:11     | Noticed a purple ugly thing
 12882 | D:11     | Killed a purple ugly thing
 13070 | D:11     | Noticed Gastronok
 13087 | D:11     | Killed Gastronok
 13199 | D:11     | Reached skill level 8 in Fighting
 13202 | D:11     | Reached skill level 5 in Armour
 13631 | D:12     | Noticed Jorgrun
 13640 | D:12     | Killed Jorgrun
 13654 | D:12     | Noticed a red ugly thing
 13656 | D:12     | Noticed a centaur warrior
 13658 | D:12     | Noticed a boulder beetle
 13660 | D:12     | Killed a red ugly thing
 13663 | D:12     | Noticed a deep elf pyromancer
 13664 | D:12     | Killed a centaur warrior
 13666 | D:12     | Noticed Sonja
 13667 | D:12     | Noticed a two-headed ogre
 13689 | D:12     | Killed a deep elf pyromancer
 14067 | D:12     | Noticed a two-headed ogre
 14087 | D:11     | Killed a two-headed ogre
 14199 | D:11     | Killed a boulder beetle
 14402 | D:12     | Reached XP level 12. HP: 68/94 MP: 24/24
 14404 | D:12     | Killed a two-headed ogre
 14407 | D:12     | Killed Sonja
 14779 | D:12     | Reached skill level 9 in Fighting
 14819 | D:12     | Noticed a six-headed hydra
 14827 | D:12     | Noticed a two-headed ogre
 14830 | D:12     | Killed a six-headed hydra
 14836 | D:12     | Killed a two-headed ogre
 14978 | D:12     | Reached skill level 5 in Invocations
 15303 | D:12     | Noticed a boulder beetle
 15315 | D:12     | Killed a boulder beetle
 15569 | D:12     | Noticed a boulder beetle
 15844 | D:12     | Killed a boulder beetle
 16503 | D:13     | Noticed a catoblepas
 16509 | D:13     | Killed a catoblepas
 16547 | D:13     | Noticed a centaur warrior
 16558 | D:13     | Killed a centaur warrior
 16956 | D:13     | Noticed a vault guard
 16967 | D:13     | Killed a vault guard
 16972 | D:13     | Reached skill level 5 in Long Blades
 16990 | D:13     | Gained mutation: Your touch may inflict irresistible damage
                  | on your foes. [demonic ancestry]
 16990 | D:13     | Reached XP level 13. HP: 41/102 MP: 23/26
 17235 | D:13     | Found a gate to the Vaults.
 17651 | D:14     | Found a hide-covered altar of Uskayaw.
 17921 | D:14     | Gained mutation: You have hidden genetic defects. [potion
                  | of mutation]
 17921 | D:14     | Gained mutation: Your movements are slightly less
                  | encumbered by armour. (ER -2) [potion of mutation]
 17921 | D:14     | Gained mutation: You are frail. (-10% HP) [potion of
                  | mutation]
 17921 | D:14     | Lost mutation: You are frail. (-10% HP) [potion of
                  | mutation]
 17922 | D:14     | Lost mutation: Your movements are slightly less encumbered
                  | by armour. (ER -2) [potion of mutation]
 17922 | D:14     | Lost mutation: You have hidden genetic defects. [potion of
                  | mutation]
 17922 | D:14     | Gained mutation: You expend magic power (3 MP) to
                  | strengthen your wands. [potion of mutation]
 17922 | D:14     | Gained mutation: You sometimes lose your temper in combat.
                  | [potion of mutation]
 17986 | D:14     | Reached skill level 10 in Fighting
 18947 | D:15     | Entered Level 15 of the Dungeon
 19378 | D:15     | Reached skill level 10 in Spellcasting
 19858 | D:15     | Reached skill level 1 in Maces & Flails
 20950 | D:15     | Noticed a dire elephant
 20999 | D:14     | Learned a level 3 spell: Stone Arrow
 21155 | D:14     | Killed a dire elephant
 21472 | D:15     | Found a staircase to the Depths.
 21827 | Lair:1   | Entered Level 1 of the Lair of Beasts
 21929 | Lair:1   | Gained mutation: Your touch may irresistibly damage your
                  | foes and sap their willpower. [demonic ancestry]
 21929 | Lair:1   | Reached XP level 14. HP: 63/111 MP: 14/28
 22080 | Lair:1   | Reached skill level 1 in Poison Magic
 23002 | Lair:1   | Found a broken altar of Ashenzari.
 23042 | Lair:2   | Found a staircase to the Snake Pit.
 23974 | Lair:2   | Reached skill level 1 in Earth Magic
 23979 | Lair:2   | Reached skill level 11 in Fighting
 24431 | Lair:2   | Noticed Nergalle
 24447 | Lair:2   | Killed Nergalle
 25597 | Lair:3   | Found a staircase to the Shoals.
 25992 | Lair:3   | Noticed Rupert
 26011 | Lair:3   | HP: 5/113 [Rupert/+2 great mace of holy wrath (12)]
 26011 | Lair:3   | Slain by Rupert

Illustrated notes

Levels and vault maps discovered:
D:1:      elethiomel_arrival_infinity_welcomes_careful_drivers, layout_basic
D:2:      kb_forest_paths, layout_loops_ring, basic_altar,
          dreamdust_ecumenical_altar_hidden_monk_grotto, minmay_ruptured
D:3:      layout_basic, fedhas_altar_2, gammafunk_temple_overflow_elements
D:4:      layout_loops_corners, mainiacjoe_overflow_catwalk_spiral,
          minmay_temple_entry_tees, uniq_grinder
D:5:      layout_loops_cross, jmf_multi_god_temple2,
          cheibrodos_ashenzari_chains, beargit_hepliaklqana_dungeon_heroes,
          chequers_ossuary_entry_cave
D:6:      layout_basic, nicolae_grassy_gnolls, uniq_prince_ribbit1
D:7:      layout_basic
D:8:      layout_cave_pools
D:9:      layout_basic, mainiacjoe_overflow_divided_tiny, lair_entry_dummy,
          orc_0_dummy
D:10:     layout_long_grid, mainiacjoe_overflow_concentric_impassable,
          enter_trove_6
D:11:     layout_basic, kennysheep_potato, uniq_gastronok, uniq_urug
D:12:     layout_roguey, minmay_alternating_orb, uniq_jorgrun, uniq_sonja
D:13:     layout_loops_corners, david_vaults_5, grunt_ogre_cave
D:14:     kennysheep_kobold_grotto, layout_loops_ring, dancing_weapons_uskayaw
D:15:     hangedman_depths_entry_try_elsewhere_first, layout_basic,
          gauntlet_entry_generic
Temple:   jpeg_temple_alley_garden
Lair:1:   layout_regular_city, lemuel_oklob_altar, infiniplex_staircase_pool_2
Lair:2:   layout_layer_cave, minmay_snake_entry_guardpost_small,
          eino_small_chamber_without_monster, uniq_nergalle
Lair:3:   layout_concentric_octagons, elwin_shoals_entry_rooms,
          kennysheep_abandoned_house, uniq_rupert

Skill      XL: |  1  2  3  4  5  6  7  8  9 10 11 12 13 14 |
---------------+-------------------------------------------+-----
Translocations | 1 2 3 4 5 6 7 |  7.3
Stealth        | 2 |  2.1
Dodging        | 2 3 4 5 6 7 |  7.3
Fighting       | 1 2 3 5 6 7 8 9 10 11 | 11.1
Conjurations   | 2 3 4 5 6 7 8 |  8.1
Short Blades   | 1 2 |  2.9
Summonings     | 2 3 4 5 6 7 8 |  8.0
Armour         | 1 2 3 4 5 6 7 |  7.1
Spellcasting   | 4 5 6 7 8 9 10 | 10.7
Axes           | 1 2 |  2.9
Shields        | 1 |  1.1
Long Blades    | 1 2 4 5 |  5.4
Invocations    | 1 4 5 7 |  7.7
Maces & Flails | 1 2 |  2.5
Poison Magic   | 2 |  2.2
Earth Magic    | 1 |  1.8

Action                   |  1- 3 |  4- 6 |  7- 9 | 10-12 | 13-15 || total
-------------------------+-------+-------+-------+-------+-------++-------
Melee: Dagger            |    21 |       |       |       |       ||    21
       Touch             |    11 |    15 |    50 |   100 |   101 ||   277
       Short sword       |    27 |    71 |   140 |       |       ||   238
       Punch             |       |     2 |     1 |     4 |     5 ||    12
       Hand axe          |       |       |    65 |   340 |   353 ||   758
       Falchion          |       |       |    42 |    29 |       ||    71
       Whip              |       |       |       |     5 |    48 ||    53
 Cast: Magic Dart        |   100 |    50 |    64 |    43 |    21 ||   278
       Summon Small Mamm |     7 |    23 |    56 |    47 |     8 ||   141
       Blink             |       |     2 |       |     4 |     6 ||    12
       Stone Arrow       |       |       |       |       |    17 ||    17
Invok: Elemental Force   |       |       |       |     2 |     3 ||     5
       Upheaval          |       |       |       |     1 |     3 ||     4
  Use: Scroll            |       |     2 |    20 |     6 |     7 ||    35
       Potion            |       |       |       |     3 |     7 ||    10
 Stab: Sleeping          |     1 |       |       |       |       ||     1
       Distracted        |       |       |     4 |     7 |     7 ||    18
Armor: Robe              |     4 |       |       |       |       ||     4
       Leather armour    |    15 |    34 |    52 |       |       ||   101
       Scale mail        |       |       |    76 |   185 |   247 ||   508
Dodge: Dodged            |    42 |    46 |   144 |   175 |   251 ||   658
       Repelled          |       |       |     1 |       |     3 ||     4
Block: Other             |     2 |     4 |    45 |    87 |   223 ||   361
       Reflection        |       |       |       |       |     4 ||     4
